 Dungeon Crawl Stone Soup version bcrawl-1.12-5-g74a5124548 (webtiles) character file.

Game seed: 3441761133848515566

1904 Maize the Fighter (level 9, -13/83 HPs)
             Began as a Hill Orc Archaeologist on June 1, 2019.
             Was an Initiate of Trog.
             Mangled by a skeletal warrior
             ... wielding a +0 scimitar
              (17 damage)
             ... on level 6 of the Dungeon.
             The game lasted 00:09:48 (5218 turns).

Maize the Fighter (Hill Orc Archaeologist)          Turns: 5218, Time: 00:09:48

Health: -13/83     AC: 19    Str: 17    XL:     9   Next: 16%
Magic:  9/9        EV:  8    Int: 18    God:    Trog [......]
Gold:   343        SH:  4    Dex:  9    Spells: 8/8 levels left

rFire    . . .     SeeInvis .   f - +7 Screaming Sword {slice, sonic wave}
rCold    . . .     Gourm    .   (no shield)
rNeg     + . .     Faith    .   a - +0 chain mail
rPois    .         Spirit   .   b - +1 hat
rElec    +         Reflect  +   (no cloak)
rCorr    .         Harm     .   d - +1 pair of gloves
MR       +....                  c - +1 pair of boots
Stlth    ..........             i - amulet of Dainoghu {Reflect rElec rN+ Int+4 SH+3}
HPRegen  0.23/turn              m - +3 ring of protection
MPRegen  0.11/turn              v - ring of protection from magic

@: no status effects
A: no striking features
a: Renounce Religion


You were on level 6 of the Dungeon.
You worshipped Trog.
Trog was noncommittal.
You were not hungry.

You visited 2 branches of the dungeon, and saw 7 of its levels.

You collected 343 gold pieces.

Inventory:

Hand Weapons
 f - the +7 Screaming Sword (weapon) {slice, sonic wave}

   It inflicts extra damage upon your enemies.
 k - the +4 rapier "Toetou Gila" {freeze, rElec MR- Dex+2, unknown}
   (You found it on level 5 of the Dungeon)

   It has been specially enchanted to freeze those struck by it, causing extra
   injury to most foes and up to half again as much damage against particularly
   susceptible opponents.
   It can also slow down cold-blooded creatures.
   It affects your dexterity (+2).
   It insulates you from electricity.
   It affects your resistance to hostile enchantments.
Armour
 a - a +0 chain mail (worn)
 b - a +1 hat (worn)
 c - a +1 pair of boots (worn)
 d - a +1 pair of gloves (worn)
Jewellery
 i - the amulet of Dainoghu (around neck) {Reflect rElec rN+ Int+4 SH+3}
   (You found it on level 4 of the Dungeon)

   [amulet of reflection]

   It shields you and reflects attacks.
   It affects your intelligence (+4).
   It insulates you from electricity.
   It protects you from negative energy.
   It affects your SH (+3).
 m - a +3 ring of protection (left hand)
 v - a ring of protection from magic (right hand)
Wands
 p - a wand of polymorph (10)
Scrolls
 e - 5 scrolls of identify
 h - 2 scrolls of enchant armour
 l - 5 scrolls of remove curse
 s - 5 scrolls of teleportation
 t - a scroll of amnesia
 x - 2 scrolls of blinking {unknown}
Potions
 j - a potion of mutation
 n - 2 potions of heal wounds
 o - a potion of agility {unknown}
 q - a potion of resistance {unknown}
 r - 2 potions of might {unknown}
 u - 2 potions of curing {unknown}
 w - 2 potions of haste {unknown}
Comestibles
 g - 10 rations {!d}
 z - 9 chunks of flesh


   Skills:
 * Level 9.1 Fighting
   Level 9.1 Short Blades
   Level 9.1 Long Blades
   Level 9.1 Axes
   Level 9.1 Maces & Flails
   Level 9.1 Polearms
   Level 9.1 Staves
 + Level 7.2 Armour
 - Level 2.4 Dodging
 - Level 2.6 Stealth
   Level 9.1 Unarmed Combat


You had 8 spell levels left.
You didn't know any spells.
Your spell library was empty.

Dungeon Overview and Level Annotations

Branches:
Dungeon (6/12)             Temple (1/1) D:5

Altars:
Dithmenos
Makhleb
Okawaru
Qazlal
Ru
Trog
Vehumet
Yredelemnul

Shops:
D:6 **

Annotations:
D:6 Edmund


Message History

The ogre is almost dead.
You kill the orc!
Trog accepts your kill.
You kill the orc!
Trog accepts your kill.
The skeletal warrior is almost destroyed.
You hear a shout!
The skeletal warrior hits you with a +0 scimitar!
* * * LOW HITPOINT WARNING * * *
Unknown command.
Edmund says, "What use are spells, anyway?"
You closely miss the skeletal warrior.
The skeletal warrior is almost destroyed.
An orc comes into view. It is wielding a +0 falchion.
The skeletal warrior hits you with a +0 scimitar!
* * * LOW HITPOINT WARNING * * *
You hit the skeletal warrior but do no damage.
The skeletal warrior is almost destroyed.
The skeletal warrior hits you with a +0 scimitar!
You die...

##.##...........
.#. #..∩....##.#
..#..#..#.##.##
#....%⌠.⌠......
#...###..∩..##.##
#.## ##⌠.⌠.##.# #
#......[#
#.##$#######).
#...@zO@.)o...
#.....#######.#
#.##### #. #.


You could see a skeletal warrior, Edmund, an ogre and an orc.

Vanquished Creatures
  An ugly thing (D:5)
  An ice beast (D:6)
  A sky beast (D:6)
  5 ogres
  A centaur (D:5)
  A scorpion (D:4)
  A crimson imp (D:3)
  A hound (D:4)
  2 bullfrog zombies
  2 orc priests
  A centaur skeleton (D:4)
  5 orc wizards
  Ijyb (D:4)
  7 worker ants
  A hound zombie (D:6)
  3 gnolls (D:6)
  4 adders
  An adder zombie (D:5)
  6 worms
  A dart slug (D:2)
  3 leopard geckos
  34 orcs
  4 bats
  3 giant cockroaches
  7 goblins
  10 hobgoblins
  4 jackals (D:6)
  11 kobolds
  5 quokkas
  A ball python (D:1)
  4 frilled lizards
  A leopard gecko skeleton (D:4)
  6 rats
139 creatures vanquished.

Notes
Turn   | Place    | Note
-------+----------+-------------------------------------------
     0 | D:1      | Maize the Hill Orc Archaeologist began the quest for the
                  | Orb.
     0 | D:1      | Reached XP level 1. HP: 15/15 MP: 1/1
   128 | D:1      | Reached skill level 1 in Fighting
   256 | D:1      | Reached XP level 2. HP: 23/23 MP: 2/2
   454 | D:1      | Reached skill level 1 in Armour
   958 | D:2      | Reached skill level 2 in Fighting
   958 | D:2      | Reached XP level 3. HP: 26/29 MP: 3/3
  1974 | D:3      | Reached skill level 3 in Fighting
  1974 | D:3      | Reached XP level 4. HP: 4/38 MP: 4/4
  1987 | D:3      | Reached skill level 4 in Fighting
  1987 | D:3      | Reached XP level 5. HP: 6/46 MP: 5/5
  1991 | D:3      | HP: 2/46 [orc/+0 mace (2)]
  2534 | D:3      | Found a stormy altar of Qazlal.
  2607 | D:3      | Reached skill level 5 in Fighting
  2614 | D:3      | Noticed an ogre
  2888 | D:3      | Killed an ogre
  2888 | D:3      | Reached XP level 6. HP: 51/57 MP: 6/6
  3019 | D:3      | Reached skill level 6 in Fighting
  3178 | D:4      | Found a basalt altar of Yredelemnul.
  3186 | D:4      | Reached XP level 7. HP: 64/64 MP: 7/7
  3391 | D:4      | Got a scintillating brass amulet
  3399 | D:4      | Identified the amulet of Dainoghu {Reflect rElec rN+ Int+4
                  | SH+3} (You found it on level 4 of the Dungeon)
  3489 | D:4      | Reached skill level 7 in Fighting
  3532 | D:4      | Noticed Ijyb
  3542 | D:4      | Killed Ijyb
  3542 | D:4      | Reached skill level 5 in Armour
  3662 | D:4      | Found an iron altar of Okawaru.
  3680 | D:4      | Reached XP level 8. HP: 49/73 MP: 8/8
  4023 | D:4      | Found a radiant altar of Vehumet.
  4024 | D:4      | Found a shadowy altar of Dithmenos.
  4066 | D:5      | Entered Level 5 of the Dungeon
  4112 | D:5      | Got an encrusted rapier
  4187 | D:5      | Found a sacrificial altar of Ru.
  4250 | D:5      | Found a staircase to the Ecumenical Temple.
  4269 | Temple   | Entered the Ecumenical Temple
  4338 | Temple   | Became a worshipper of Trog the Wrathful
  4386 | D:5      | Noticed a green ugly thing
  4394 | D:5      | Killed a green ugly thing
  4394 | D:5      | Reached skill level 8 in Fighting
  5113 | D:6      | Reached XP level 9. HP: 82/82 MP: 9/9
  5173 | D:6      | Found Huerphal's Assorted Antiques.
  5176 | D:6      | Found Nesm's Assorted Antiques.
  5194 | D:6      | Reached skill level 9 in Fighting
  5197 | D:6      | Noticed a skeletal warrior
  5199 | D:6      | Noticed Edmund
  5213 | D:6      | Identified the +2 leather armour of Xujyted {MR+ Str+3
                  | Stlth+}
  5217 | D:6      | HP: 3/83 [skeletal warrior/+0 scimitar (16)]
  5218 | D:6      | Mangled by a skeletal warrior

Skill      XL: |  1  2  3  4  5  6  7  8  9 |
---------------+----------------------------+-----
Fighting       | 1 2 3 4 5 6 7 8 9 |  9.1
Armour         | 1 2 3 4 5 6 7 |  7.2
Short Blades   | |  9.1
Long Blades    | |  9.1
Axes           | |  9.1
Maces & Flails | |  9.1
Polearms       | |  9.1
Staves         | |  9.1
Dodging        | |  2.4
Stealth        | |  2.6
Unarmed Combat | |  9.1

Action                   |  1- 3 |  4- 6 |  7- 9 || total
-------------------------+-------+-------+-------++-------
Melee: Unarmed           |    37 |       |       ||    37
       Dagger            |   188 |   250 |       ||   438
       Punch             |     4 |     7 |     3 ||    14
       Double sword      |       |     8 |   166 ||   174
  Use: Potion            |     1 |     1 |       ||     2
       Scroll            |       |     5 |     1 ||     6
 Stab: Sleeping          |     2 |       |       ||     2
  Eat: Chunk             |     3 |     5 |     6 ||    14
Armor: Robe              |     7 |       |       ||     7
       Ring mail         |    61 |    86 |    32 ||   179
       Skin              |    18 |    64 |       ||    82
       Scale mail        |       |       |    20 ||    20
       Chain mail        |       |       |    21 ||    21
Dodge: Dodged            |   100 |   132 |    74 ||   306
Block: Other             |       |       |    25 ||    25
       Reflection        |       |       |     1 ||     1
